 Dungeon Crawl Stone Soup version 0.23.1 (webtiles) character file.

Game seed: 4130947521246376468

42 Borgoz the Sneak (level 3, -2/27 HPs)
             Began as a Ghoul Enchanter on Mar 3, 2019.
             Slain by an orc wizard
             ... wielding a +0 dagger
              (3 damage)
             ... on level 3 of the Dungeon.
             The game lasted 00:04:15 (2417 turns).

Borgoz the Sneak (Ghoul Enchanter)                  Turns: 2417, Time: 00:04:16

Health: -2/27      AC:  2    Str: 11    XL:     3   Next: 56%
Magic:  2/4        EV: 13    Int: 10    God:
Gold:   94         SH:  0    Dex: 10    Spells: 2/5 levels left

rFire    + . .     SeeInvis .   h - +0 short sword
rCold    + . .     Gourm    .   (no shield)
rNeg     + + +     Faith    .   b - +0 robe
rPois    ∞         Spirit   .   (no helmet)
rElec    .         Reflect  .   (no cloak)
rCorr    .         Harm     .   (no gloves)
MR       .....                  (no boots)
Stlth    ++........             l - amulet of the acrobat
HPRegen  0.00/turn              g - +1 ring of evasion
MPRegen  0.09/turn              f - ring of protection from fire

@: rotting
A: rotting body, claws 1, carnivore, cold resistance 1, negative energy
resistance 3, inhibited regeneration, torment resistance, unbreathing
a: no special abilities


You were on level 3 of the Dungeon.
You were not hungry.

You visited 1 branch of the dungeon, and saw 3 of its levels.

You collected 94 gold pieces.

Inventory:

Hand Weapons
 h - a +0 short sword (weapon)
Armour
 b - a +0 robe (worn)
Jewellery
 f - a ring of protection from fire (right claw)
 g - a +1 ring of evasion (left claw)
 l - an amulet of the acrobat (around neck)
Scrolls
 i - a scroll of enchant armour {unknown}
 k - a scroll of identify
 m - a scroll of fog {unknown}
Potions
 a - a potion of flight
 e - a potion of curing
Comestibles
 d - a ration


   Skills:
 + Level 0.8 Fighting
 * Level 1.7 Short Blades
 + Level 0.7 Armour
 * Level 2.3 Dodging
 + Level 3.6 Stealth
 - Level 1.7 Spellcasting
 - Level 2.4 Hexes


You had 2 spell levels left.
You knew the following spells:

 Your Spells              Type           Power        Failure   Level  Hunger
a - Corona                Hex            #......      12%         1    ##.....
b - Ensorcelled Hibernat  Hex/Ice        #.....       30%         2    ###....

Your spell library contained the following spells:

 Spells                   Type           Power        Failure   Level  Hunger
 Confuse                  Hex            #.......     34%         3    ####...
 Tukima's Dance           Hex            #.......     34%         3    ####...
 Dazzling Spray           Conj/Hex       #.....       52%         3    ####...


Dungeon Overview and Level Annotations

Branches:
Dungeon (3/15)

Altars:

Annotations:
D:3 3 runed translucent doors, Lanoc's ghost, weakling MiMo; Terence; appiemonkey's ghost, amateur BaGl


Innate Abilities, Weirdness & Mutations

Your body is rotting away.
You thrive on raw meat.
You are immune to poison.
You have sharp fingernails.
You are carnivorous and can eat meat at any time.
Your flesh is cold resistant. (rC+)
You are immune to negative energy. (rN+++)
You do not regenerate when monsters are visible.
You are immune to unholy pain and torment.
You can survive without breathing.


Message History

Aim: an orc wizard, wielding a +0 dagger and wearing a +0 robe (heavily wounded, chance to defeat MR: 35%)
The orc wizard looks drowsy...
You are too injured to fight recklessly!
The helpless orc wizard fails to defend itself.
You puncture the orc wizard!
The orc wizard is almost dead.
The orc wizard casts a spell at you. The puff of flame hits you. You resist.
* * * LOW HITPOINT WARNING * * *
You barely miss the orc wizard.
The orc wizard is almost dead.
The orc wizard barely misses you.
You closely miss the orc wizard.
The orc wizard is almost dead.
The orc wizard hits you with a +0 dagger.
* * * LOW HITPOINT WARNING * * *
You closely miss the orc wizard.
The orc wizard is almost dead.
The orc wizard hits you with a +0 dagger.
You die...

.# #.### ..#### .# #o..### ###..
.# #.....### ###....
.#############.#.....# #.....#
..........)....#.....######.....#
############..#....####..####....
##....####......####..
#..####....##....####
#..o@.....####.......
#..................##
####################


You could see an orc wizard.

Vanquished Creatures
  An adder (D:2)
  A worm (D:2)
  An orc (D:3)
  A ball python (D:2)
  3 giant cockroaches
  5 goblins
  A hobgoblin (D:3)
  A quokka (D:2)
  3 bats (D:2)
  2 frilled lizards
  3 kobolds
  8 rats
30 creatures vanquished.

Vanquished Creatures (others)
  A withered plant (D:3)
1 creature vanquished.

Grand Total: 31 creatures vanquished

Notes
Turn   | Place    | Note
-------+----------+-------------------------------------------
     0 | D:1      | Borgoz the Ghoul Enchanter began the quest for the Orb.
     0 | D:1      | Reached XP level 1. HP: 14/14 MP: 2/2
   175 | D:1      | Reached skill level 1 in Short Blades
   328 | D:2      | Reached XP level 2. HP: 21/22 MP: 3/3
  1192 | D:2      | Reached XP level 3. HP: 27/27 MP: 4/4
  2172 | D:3      | Learned a level 2 spell: Ensorcelled Hibernation
  2182 | D:3      | Found a runed translucent gate.
  2182 | D:3      | Found a runed translucent gate.
  2182 | D:3      | Found a runed translucent gate.
  2183 | D:3      | Noticed appiemonkey's ghost (amateur BaGl)
  2184 | D:3      | Noticed Lanoc's ghost (weakling MiMo)
  2350 | D:3      | Noticed Terence
  2416 | D:3      | HP: 1/27 [orc wizard/+0 dagger (3)]
  2417 | D:3      | Slain by an orc wizard

Skill      XL: |  1 |
---------------+----+-----
Short Blades   | 1 |  1.7
Dodging        | 2 |  2.3
Fighting       | |  0.8
Armour         | |  0.7
Stealth        | |  3.6
Spellcasting   | |  1.7
Hexes          | |  2.4

Action                   || total
-------------------------++-------
Melee: Dagger            ||    20
       Short sword       ||   153
 Cast: Ensorcelled Hiber ||     1
  Use: Scroll            ||     4
       Potion            ||     4
 Stab: Sleeping          ||     8
  Eat: Chunk             ||    19
Armor: Robe              ||    22
Dodge: Dodged            ||   108
